 Dungeon Crawl Stone Soup version 0.28-a0-1624-g820543e53a (webtiles) character file.

Game seed: 3918516386221038998

165 bladeefan the Chopper (level 5, -4/46 (47) HPs)
             Began as a Minotaur Chaos Knight on Jan 23, 2022.
             Was a Plaything of Xom.
             Slain by Crazy Yiuf (6 damage)
             ... on level 2 of the Dungeon.
             The game lasted 00:03:19 (2410 turns).

bladeefan the Chopper (Minotaur Chaos Knight)       Turns: 2410, Time: 00:03:19

HP:   -4/46 (47)    AC:  5    Str: 18    XL:     5   Next: 21%
MP:   4/4           EV: 12    Int:  9    God:    Xom [..*...]
Gold: 98            SH:  0    Dex: 10    Spells: 4/4 levels left

rFire   . . .      SeeInvis .   a - +1 hand axe (chaos)
rCold   . . .      Faith    .   (no shield)
rNeg    . . .      Spirit   .   b - +2 leather armour
rPois   .          Reflect  .   (helmet restricted)
rElec   .          Harm     .   (no cloak)
rCorr   .          Rampage  .   (no gloves)
Will    .....                   (no boots)
Stlth   +.........              (no amulet)
HPRegen 0.15/turn               (no ring)
MPRegen 0.09/turn               (no ring)

@: flying, lightly drained
A: horns 2, retaliatory headbutt
a: Renounce Religion


You were on level 2 of the Dungeon.
You worshipped Xom.
You were a toy of Xom.
You visited 1 branch of the dungeon, and saw 2 of its levels.

You collected 98 gold pieces.

Inventory:

Hand Weapons
 a - a +1 hand axe of chaos (weapon)
Armour
 b - a +2 leather armour (worn)
Scrolls
 e - a scroll of fear {unknown}
Potions
 c - 2 potions of brilliance {unknown}
 d - a potion of flight


   Skills:
 + Level 4.5 Fighting
 * Level 5.3 Axes
 + Level 3.6 Armour
 + Level 2.6 Dodging


You had 4 spell levels left.
You didn't know any spells.
Your spell library contained the following spells:

 Spells                   Type           Power      Damage    Failure   Level
 Frozen Ramparts          Ice            0%         1d2       82%         3
 Freezing Cloud           Conj/Ice/Air   0%         6-21      100%        5
 Polar Vortex             Ice            0%         N/A       100%        9


Dungeon Overview and Level Annotations

Branches:
Dungeon (2/15)

Altars:

Shops:
D:1 *

Annotations:
D:2 Crazy Yiuf


Innate Abilities, Weirdness & Mutations

You have a pair of horns on your head.
You reflexively headbutt those who attack you in melee.


Message History

A hobgoblin comes into view.
The hobgoblin shouts!
A hobgoblin is nearby!
The hobgoblin closely misses you.
You hit the hobgoblin.
The hobgoblin suddenly stops moving!
You headbutt the hobgoblin.
The helpless hobgoblin fails to defend itself.
You hit the hobgoblin. You freeze the hobgoblin.
You kill the hobgoblin!
No target in view!
You see here a hobgoblin corpse.
You see here a hobgoblin corpse.
Key pressed, stopping explore.
Things that are here:
10 arrows; the felid corpse of Natasha You see here a +0 dagger.
Crazy Yiuf shouts!
You open the door. You hit Crazy Yiuf but do no damage.
Crazy Yiuf suddenly seems more agile.
Crazy Yiuf hits you with a +4 quarterstaff of chaos!
You feel drained.
You closely miss Crazy Yiuf.
Crazy Yiuf hits you with a +4 quarterstaff of chaos.
Crazy Yiuf freezes you.
You hit Crazy Yiuf. You freeze Crazy Yiuf.
Crazy Yiuf hits you with a +4 quarterstaff of chaos.
Crazy Yiuf burns you.
You barely miss Crazy Yiuf. Your punch misses Crazy Yiuf.
Crazy Yiuf hits you with a +4 quarterstaff of chaos.
* * * LOW HITPOINT WARNING * * *
Crazy Yiuf burns you.
* * * LOW HITPOINT WARNING * * *
You closely miss Crazy Yiuf.
Crazy Yiuf screams, "Two mumblescurry infinity!"
Crazy Yiuf hits you with a +4 quarterstaff of chaos.
* * * LOW HITPOINT WARNING * * *
You closely miss Crazy Yiuf.
Crazy Yiuf hits you with a +4 quarterstaff of chaos!
* * * LOW HITPOINT WARNING * * *
Crazy Yiuf burns you.
* * * LOW HITPOINT WARNING * * *
You completely miss Crazy Yiuf. Crazy Yiuf barely misses you.
You furiously retaliate!
You headbutt Crazy Yiuf!
It was a potion of flight.
You feel very buoyant.
You fly up into the air.
Xom thinks this is hilarious!
Crazy Yiuf says, "The life which is unexamined is not worth living."
Crazy Yiuf hits you with a +4 quarterstaff of chaos.
You die...

.........#####....####)#
.##.#......# #....# #)#
.##.......## ♣..P.♣ #÷#
.##........# ♣..P♣♣ #)#
.##.......## ♣♣.♣♣ #.#
.####...#### ♣.♣♣ #.#
........##.# ♣♣.♣ #.#
.###.#.###.# ♣.♣♣ ### .#
#.#.# #.# ♣♣@♣ ####.#.#
#.# #g# ..##.#.# #.# ...
#.##.#(# #.# #...#
.....#.###.# #..)#
###....†...# #####
#..####### #.## #.#


You could see Crazy Yiuf (agile).

Vanquished Creatures
  Natasha (D:2)
  7 gnolls (D:2)
  2 adders (D:2)
  2 dart slugs (D:1)
  7 endoplasms (D:1)
  A giant cockroach (D:2)
  5 goblins
  7 hobgoblins
  2 kobolds (D:2)
  A quokka (D:1)
  4 ball pythons (D:1)
  6 bats
  2 frilled lizards (D:2)
  3 rats
50 creatures vanquished.

Notes
Turn   | Place    | Note
-------+----------+-------------------------------------------
     0 | D:1      | bladeefan the Minotaur Chaos Knight began the quest for the
                  | Orb.
     0 | D:1      | Reached XP level 1. HP: 19/19 MP: 0/0
   111 | D:1      | You fall into a shaft and drop 1 floor!
   123 | D:2      | Reached skill level 4 in Axes
   123 | D:2      | Reached XP level 2. HP: 18/27 MP: 1/1
   236 | D:2      | XOM: smoke on damage
   457 | D:2      | XOM: silly message
   462 | D:2      | Reached XP level 3. HP: 32/33 MP: 2/2
   861 | D:2      | Reached XP level 4. HP: 37/40 MP: 3/3
   906 | D:1      | Found Voliot's General Store.
  1049 | D:1      | XOM: silly message
  1064 | D:1      | Got the Tome of the Frostbite
  1239 | D:1      | Found a faded altar of an unknown god.
  1740 | D:2      | Reached skill level 5 in Axes
  1949 | D:2      | Found a runed translucent door.
  1950 | D:2      | Noticed Crazy Yiuf
  2043 | D:2      | XOM: silly message
  2045 | D:2      | Reached XP level 5. HP: 40/47 MP: 4/4
  2136 | D:2      | Noticed Natasha
  2142 | D:2      | Killed Natasha
  2408 | D:2      | HP: 2/46 [Crazy Yiuf (4)]
  2410 | D:2      | Slain by Crazy Yiuf

Illustrated notes

Levels and vault maps discovered:
D:1:      heliophobic_arrival_ceremonial_halls, layout_basic, serial_shops,
          nicolae_shop_competitors_out_of_business,
          chequers_ecumenical_altar_twisty, minmay_shallow_snake_nest
D:2:      layout_loops_ring, uniq_natasha, uniq_crazy_yiuf_cottage

Skill      XL: |  1  2  3  4 |
---------------+-------------+-----
Axes           | 4 5 |  5.3
Fighting       | 4 |  4.5
Armour         | 3 |  3.6
Dodging        | 2 |  2.6

Action                   |  1- 3 |  4- 6 || total
-------------------------+-------+-------++-------
Melee: Hand axe          |    38 |    67 ||   105
       Headbutt          |     9 |     7 ||    16
  Use: Scroll            |       |     2 ||     2
       Potion            |       |     1 ||     1
 Stab: Paralysed         |       |     1 ||     1
Armor: Leather armour    |    16 |    14 ||    30
Dodge: Dodged            |    15 |    28 ||    43

Table legend: (Time is in decaauts)
 A = Elapsed time spent in this place.
 B = Non-inter-level travel time spent in this place.
 C = Inter-level travel time spent in this place.
 D = Time resting spent in this place.
 E = Time spent auto-exploring this place.
 F = Levels seen in this place.
 G = Mean time per level.
                   A        B        C        D        E       F      G
               +--------+--------+--------+--------+--------+-----+--------+
         Total |   2417 |   2364 |     53 |    472 |   1529 |   2 | 1208.5 |
       Dungeon |   2417 |   2364 |     53 |    472 |   1529 |   2 | 1208.5 |
               +--------+--------+--------+--------+--------+-----+--------+

Top non-repeatable levels by time:
     D:2: 1444 daAuts
     D:1: 973 daAuts
